 Dungeon Crawl Stone Soup version 0.20.1-1-g8b1a95d (webtiles) character file.

67 tidbits the Grave Robber (level 3, 0/26 HPs)
             Began as a Demigod Necromancer on Aug 24, 2017.
             Slain by Dustman's ghost (12 damage)
             ... while paralysed
             ... on level 3 of the Dungeon.
             The game lasted 00:10:44 (1112 turns).

tidbits the Grave Robber (Demigod Necromancer)      Turns: 1112, Time: 00:10:45

Health: 0/26       AC:  2    Str: 11    XL:     3   Next: 70%
Magic:  17/17      EV:  2    Int: 26    God:
Gold:   86         SH:  0    Dex: 16    Spells: 1/6 levels left

rFire    . . .     SeeInvis .   a - +1 whip (elec)
rCold    . . .     Gourm    .   (no shield)
rNeg     . . .     Faith    .   B - +0 robe
rPois    .         Spirit   .   (no helmet)
rElec    .         Reflect  .   (no cloak)
rCorr    .         Harm     .   (no gloves)
MR       .....                  (no boots)
Stlth    ++........             (no amulet)
Regen    0.1/turn               k - ring of magical power
MPRegen  0.2/turn               (no ring)

@: paralysed, brilliant, berserk cooldown, slowed
A: high mp 1
a: no special abilities


You were on level 3 of the Dungeon.
You were not hungry.

You visited 1 branch of the dungeon, and saw 3 of its levels.

You collected 86 gold pieces.

Inventory:

Hand Weapons
 a - a +1 whip of electrocution (weapon)
   (You took it off a kobold on level 1 of the Dungeon)
Missiles
 d - 63 bolts
 e - 58 stones (quivered)
 i - 62 arrows
Armour
 o - a cursed +0 crystal plate armour
 B - a +0 robe (worn)
Jewellery
 k - a ring of magical power (left hand)
   (You found it on level 1 of the Dungeon)
Scrolls
 h - a scroll of identify {unknown}
 l - a scroll of random uselessness {unknown}
 m - a scroll of fear {unknown}
 n - a scroll of enchant armour {unknown}
 r - a scroll of teleportation {unknown}
Potions
 p - a potion of ambrosia {unknown}
 q - a potion of brilliance
Books
 b - a book of Necromancy

   Spells                             Type                      Level
   a - Pain                           Necromancy                   1
   b - Animate Skeleton               Necromancy                   1
   c - Vampiric Draining              Necromancy                   3
   d - Regeneration                   Charms/Necromancy            3
   e - Animate Dead                   Necromancy                   4
   f - Control Undead                 Necromancy                   4
Comestibles
 c - 2 bread rations
 j - 4 fruits


   Skills:
 - Level 1.7 Dodging
 - Level 1.7 Stealth
 + Level 2.2 Spellcasting
 - Level 4.8 Necromancy


You had one spell level left.
You knew the following spells:

 Your Spells              Type           Power        Failure   Level  Hunger
n - Animate Skeleton      Necr           N/A          1%          1    None
v - Vampiric Draining     Necr           #####.....   1%          3    ###....
z - Pain                  Necr           ####         1%          1    None


Dungeon Overview and Level Annotations

Branches:
Dungeon (3/15)

Annotations:
D:3 Dustman's ghost, amateur FoFi


Innate Abilities, Weirdness & Mutations

You have an increased reservoir of magic. (+10% MP)


Message History

You kill the dart slug!
You feel life coursing into your body.
You see here 6 gold pieces.
You now have 70 gold pieces (gained 6).
You are feeling hungry.
Found a scroll labeled OSMEDADW PAYCS.
A rat comes into view.
Found 2 silvery potions.
You see here a scroll labeled OSMEDADW PAYCS.
n - a scroll labeled OSMEDADW PAYCS
Found 9 gold pieces.
Found a stone staircase leading down.
A ball python comes into view.
There is a stone staircase leading down here.
Found 20 stones.
The ball python hisses angrily.
You see here 9 gold pieces.
You hit the ball python but do no damage.
The ball python barely misses you. The ball python closely misses you.
The ball python bites you but does no damage.
The ball python barely misses you.
You hit the ball python.
You kill the ball python!
You now have 79 gold pieces (gained 9).
Okay, then.
You see here a ball python corpse.
Casting: Vampiric Draining
Confirm with . or Enter, or press ? or * to list all spells.
You attempt to give life to the dead...
Before your eyes, flesh is ripped from the corpse!
The dead are slithering!
You see here 4 chunks of flesh.
Eat one of 4 chunks of flesh? (ye/n/q)
You eat one of the 4 chunks of flesh.
This raw flesh tastes terrible.
You see here 20 stones.
e - 58 stones (gained 20)
A bat comes into view.
The bat hits you but does no damage.
You barely miss the bat. The bat closely misses you.
You hit the bat.
You kill the bat!
A giant cockroach comes into view.
Found a scroll labeled CINLOU BALIFAIRI.
You closely miss the rat. The rat closely misses you.
You barely miss the rat. The rat closely misses you.
Your ball python skeleton bites the rat but does no damage.
Your ball python skeleton grabs the rat.
Your ball python skeleton constricts the rat.
You hit the rat but do no damage.
The rat is heavily wounded.
The rat barely misses you.
Your ball python skeleton bites the rat but does no damage.
Your ball python skeleton constricts the rat.
The rat dies!
Things that are here:
2 silvery potions; a rat corpse
q - 2 silvery potions
Found a stone staircase leading down.
The giant cockroach bites you.
You hit the giant cockroach.
Lightning courses through the giant cockroach!
You kill the giant cockroach!
You see here a scroll labeled CINLOU BALIFAIRI.
r - a scroll labeled CINLOU BALIFAIRI You see here a giant cockroach corpse.
There is a stone staircase leading down here.
Adjust (i)tems, (s)pells, or (a)bilities?
Adjust which item? (? for menu, Esc to quit)
f - a +0 robe (worn)
Adjust to which letter? (? for menu, Esc to quit)
B - a +0 robe (worn)
Okay, then.
Okay, then.
You climb downwards.
Your mindless thrall stays behind.
There is a stone staircase leading up here.
Found 7 gold pieces.
You see here 7 gold pieces.
You now have 86 gold pieces (gained 7).
Dustman's ghost (amateur Formicid Fighter) comes into view.
It was a potion of brilliance.
You feel clever all of a sudden.
It was a potion of berserk rage.
A red film seems to cover your vision as you go berserk!
You feel yourself moving faster!
You feel mighty!
You feel a strong urge to attack something.
Dustman's ghost closely misses you.
You whack Dustman's ghost!
Dustman's ghost is moderately damaged.
Dustman's ghost barely misses you.
You barely miss Dustman's ghost.
Dustman's ghost is moderately damaged.
You hit Dustman's ghost.
Dustman's ghost is heavily damaged.
Dustman's ghost hits you!
* * * LOW HITPOINT WARNING * * *
You hit Dustman's ghost.
Dustman's ghost is severely damaged.
You are no longer berserk.
You pass out from exhaustion.
You feel yourself slow down. Dustman's ghost hits you!
You die...

#######.#
###########<......#
.........#.#########
#.......#.# #...#
#.......#.#####.#.#
#.......#.......#.#
#....W..#########.#
#....@..+.# #.#
#.......#.# #.#
#.......#.#######.#
###+##+#..........#
#..#########
#.........
#.######## #.# #.#


You could see Dustman's ghost.

Vanquished Creatures
  An adder (D:2)
  An ooze (D:2)
  3 dart slugs (D:2)
  A leopard gecko (D:2)
  3 bats
  3 giant cockroaches
  8 goblins
  6 hobgoblins
  A ball python (D:2)
  5 frilled lizards
  5 kobolds
  7 rats
44 creatures vanquished.

Vanquished Creatures (collateral kills)
  2 hobgoblins (D:1)
  A rat (D:2)
3 creatures vanquished.

Grand Total: 47 creatures vanquished

Notes
Turn   | Place    | Note
-------+----------+-------------------------------------------
     0 | D:1      | tidbits the Demigod Necromancer began the quest for the Orb.
     0 | D:1      | Reached XP level 1. HP: 14/14 MP: 5/5
    86 | D:1      | Learned a level 1 spell: Animate Skeleton
   179 | D:1      | Reached skill level 4 in Necromancy
   230 | D:1      | Reached XP level 2. HP: 4/20 MP: 7/7
   336 | D:1      | Reached skill level 2 in Spellcasting
   727 | D:2      | Reached XP level 3. HP: 8/26 MP: 8/8
   732 | D:2      | Learned a level 3 spell: Vampiric Draining
  1104 | D:3      | Noticed Dustman's ghost (amateur FoFi)
  1112 | D:3      | Slain by Dustman's ghost

Skill      XL: |  1  2 |
---------------+-------+-----
Necromancy     | 4 |  4.8
Spellcasting   | 2 |  2.2
Dodging        | |  1.7
Stealth        | |  1.7

Action                   || total
-------------------------++-------
Melee: Whip              ||    65
 Cast: Pain              ||    23
       Animate Skeleton  ||     5
       Vampiric Draining ||     7
  Use: Potion            ||     2
 Stab: Sleeping          ||     3
  Eat: Chunk             ||     2
Armor: Robe              ||     7
Dodge: Dodged            ||    41

Table legend:
 A = Turns spent in this place as a percentage of turns spent in the entire game.
 B = Non-inter-level travel turns spent in this place as a percentage of non-inter-level travel turns spent in the entire game.
 C = Inter-level travel turns spent in this place as a percentage of turns spent in this place.
 D = Turns resting spent in this place as a percentage of non-inter-level travel turns spent in this place.
 E = Turns spent auto-exploring this place as a percentage of non-inter-level travel turns spent in this place.
 F = Non-inter-level travel turns spent in this place divided by the number of levels of this place that you've seen.
                   A       B       C       D       E      F
               +-------+-------+-------+-------+-------+----------------------
         Total | 100.0 | 100.0 |   0.2 |   0.0 |   0.0 | 337.3
       Dungeon | 100.0 | 100.0 |   0.2 |   0.0 |   0.0 | 337.3
               +-------+-------+-------+-------+-------+----------------------

Table legend:
 A = Kills in this place as a percentage of kills in entire the game.
 B = Kills by you in this place as a percentage of kills by you in the entire game.
 C = Kills by friends in this place as a percentage of kills by friends in the entire game.
 D = Other kills in this place as a percentage of other kills in the entire game.
 E = Experience gained in this place as a percentage of experience gained in the entire game.
 F = Experience gained in this place divided by the number of levels of this place that you have seen.
                   A       B       C       D       E      F
               +-------+-------+-------+-------+-------+----------------------
         Total | 100.0 | 100.0 | 100.0 |  -nan | 100.0 |  32.0
       Dungeon | 100.0 | 100.0 | 100.0 |  -nan | 100.0 |  32.0
               +-------+-------+-------+-------+-------+----------------------

Vault maps used:
D:1:      lightli_arrival_farm
D:2:      first_bread
D:3:      gammafunk_wand_slinger
